 Dungeon Crawl Stone Soup version 0.30-a0-782-ge64f9170bb (webtiles) character file.

Game seed: 16242158655842495775

632 nuthulu the Trooper (level 7, -4/47 HPs)
             Began as a Gargoyle Fighter on Feb 19, 2023.
             Slain by an ogre
             ... wielding a +0 giant club
              (27 damage)
             ... on level 4 of the Dungeon.
             The game lasted 00:05:18 (2951 turns).

nuthulu the Trooper (Gargoyle Fighter)              Turns: 2951, Time: 00:05:18

Health: -4/47      AC: 12    Str: 21    XL:     7   Next: 49%
Magic:  7/7        EV:  9    Int:  9    God:
Gold:   271        SH:  4    Dex:  9    Spells: 6/6 levels left

rFire   . . .      SeeInvis .    a - +0 flail (spect)
rCold   . . .      Faith    .    c - +0 buckler
rNeg    + . .      Spirit   .    b - +0 scale mail
rPois   ∞          Reflect  .    (no helmet)
rElec   +          Harm     .    (no cloak)
rCorr   .          Rampage  .    (no gloves)
Will    .....                    o - +0 pair of boots Stlth
                                 (no amulet)
HPRegen 0.27/turn                (no ring)
MPRegen 0.10/turn                (no ring)

@: no status effects
A: sickness immunity, AC +4, negative energy resistance 1, electricity
resistance, torment resistance 1, petrification resistance
a: no special abilities


You were on level 4 of the Dungeon.
You visited 1 branch of the dungeon, and saw 4 of its levels.
You also visited: Sewer.

You collected 271 gold pieces.

Inventory:

Hand Weapons
 a - a +0 spectral flail (weapon)
Armour
 b - a +0 scale mail (worn)
 c - a +0 buckler (worn)
 o - a +0 pair of boots (worn)
Scrolls
 l - 2 scrolls of teleportation
 m - 3 scrolls of magic mapping
Potions
 e - a potion of attraction
 f - a potion of ambrosia
 g - 2 potions of flight
 h - 3 potions of mutation
 i - 3 potions of heal wounds {unknown}
 j - 5 potions of cancellation
 k - 2 potions of curing {unknown}
 n - a potion of magic {unknown}
 p - a potion of invisibility {unknown}
 q - a potion of brilliance {unknown}


   Skills:
 + Level 6.9 Fighting
 + Level 5.9 Maces & Flails
 - Level 3.2 Armour
 - Level 3.2 Shields


You had 6 spell levels left.
You didn't know any spells.
Your spell library contained the following spells:

 Spells                   Type           Power      Damage    Failure   Level
 Blink                    Tloc           0%         N/A       91%         2
 Ignite Poison            Fire/Tmut/Pois 0%         N/A       99%         3
 Kindle Blastsparks       Fire/Tloc/Air  0%         2d10      99%         3
 Stone Arrow              Conj/Erth      0%         3d7       99%         3
 Tukima's Dance           Hex            0%         N/A       99%         3
 Vhi's Electric Charge    Tloc/Air       0%         N/A       99%         3
 Animate Armour           Summ/Erth      0%         N/A       100%        4
 Manifold Assault         Tloc           0%         N/A       100%        4
 Passage of Golubria      Tloc           0%         N/A       100%        4
 Arcjolt                  Conj/Air       0%         1d10      100%        5
 Freezing Cloud           Conj/Ice/Air   0%         6-21      100%        5
 Yara's Violent Unravell  Hex/Tmut       0%         3d3       100%        5
 Storm Form               Tmut/Air       0%         N/A       100%        7
 Lehudib's Crystal Spear  Conj/Erth      0%         10d2      100%        8
 Maxwell's Capacitive Co  Air            0%         ∞         100%        8


Dungeon Overview and Level Annotations

Branches:
Dungeon (4/15)              Sewer (visited)
 Temple: D:4-7

Altars:


Innate Abilities, Weirdness & Mutations

You are immune to sickness and miasma.
Your stone body is resilient. (AC +4)
You are immune to poison.
You resist negative energy. (rN+)
You are resistant to electric shocks. (rElec)
You are resistant to unholy torment.
You are immune to petrification.


Message History

A jackal is nearby!
A jackal is nearby!
Search for what [? for help]? plate Can't find anything matching that.
Unknown command.
Search for what [Enter for "plate", or ? for help]? armour You closely miss the jackal.
The jackal bites you but does no damage.
You hit the jackal but do no damage.
The jackal bites you but does no damage.
The jackal bites you.
You hit the jackal but do no damage.
The jackal bites you but does no damage. x2
You barely miss the jackal. The jackal closely misses you.
You thump the jackal!
You kill the jackal!
You see here a jackal corpse.
You start waiting.
Done waiting.
Found a robe.
Found a sling.
Found a stone staircase leading up.
j - 5 potions of cancellation (gained 1)
There is a stone staircase leading up here.
You see here a jackal skeleton.
An ogre comes into view. It is wielding a +0 giant club.
The ogre shouts!
The ogre hits you with a +0 giant club!!
You hit the ogre.
The ogre is moderately wounded.
The ogre hits you with a +0 giant club!
You hit the ogre.
The ogre is moderately wounded.
The ogre hits you with a +0 giant club.
Okay, then.
Okay, then.
The ogre attacks as you move away!
The ogre hits you with a +0 giant club!!
Ouch! That really hurt!
You die...

.....#####
##...........# .#####
#..........## ##
##.........# #
##.).###### #...# #..##
#..# #### #..#
###..###.@# #
##.....##.O# ##
##.......#..# .##
#...........# ..##
#...........#
...###...........#
....###..........#
.....##..........####
.............###....####


You could see an ogre.

Vanquished Creatures
  Grinder (D:4)
  An ogre (D:4)
  A hound (D:4)
  4 jellies
  An iguana (D:2)
  3 gnolls (D:3)
  2 adders
  2 river rats
  4 worms
  2 dart slugs (D:1)
  4 orcs (D:3)
  9 ball pythons
  15 endoplasms
  7 giant cockroaches
  5 goblins
  11 hobgoblins
  7 jackals
  4 quokkas
  5 bats
  3 frilled lizards
  6 kobolds
  9 rats
106 creatures vanquished.

Notes
Turn   | Place    | Note
-------+----------+-------------------------------------------
     0 | D:1      | nuthulu the Gargoyle Fighter began the quest for the Orb.
     0 | D:1      | Reached XP level 1. HP: 14/14 MP: 1/1
   146 | D:1      | Reached XP level 2. HP: 19/19 MP: 2/2
   402 | D:1      | Reached XP level 3. HP: 22/24 MP: 3/3
   403 | D:1      | Reached skill level 4 in Fighting
  1166 | D:2      | Reached XP level 4. HP: 30/30 MP: 4/4
  1399 | D:3      | Found a glowing drain.
  1411 | Sewer    | Entered a sewer
  1454 | Sewer    | Reached XP level 5. HP: 34/34 MP: 5/5
  1503 | Sewer    | Reached skill level 5 in Fighting
  1585 | Sewer    | Found a viscous altar of Jiyva.
  1674 | Sewer    | Reached XP level 6. HP: 39/40 MP: 6/6
  2425 | D:4      | Reached skill level 6 in Fighting
  2425 | D:4      | Reached skill level 5 in Maces & Flails
  2441 | D:4      | Noticed Grinder
  2444 | D:4      | Paralysed by Grinder for 5 turns
  2452 | D:4      | Paralysed by Grinder for 4 turns
  2457 | D:4      | Killed Grinder
  2458 | D:4      | Reached XP level 7. HP: 34/47 MP: 7/7
  2951 | D:4      | Slain by an ogre

Illustrated notes

Levels and vault maps discovered:
D:1:      lightli_arrival_quake, layout_rooms, palyth_stone_intersect,
          dreamdust_princess_corridor, serial_park_tiny_2, roderic_roman_lattice
D:2:      layout_basic, minmay_misc_feat_roman
D:3:      layout_rooms, gup_sewer_entry_bubbles, minmay_vboxes
D:4:      layout_cave_pods, uniq_grinder

Skill      XL: |  1  2  3  4  5  6 |
---------------+-------------------+-----
Fighting       | 4 5 6 |  6.9
Maces & Flails | 3 4 5 |  5.9
Armour         | |  3.2
Shields        | |  3.2

Action                     |  1- 3 |  4- 6 |  7- 9 || total
---------------------------+-------+-------+-------++-------
  Melee: Flail             |    72 |    96 |    19 ||   187
    Use: Scroll            |     8 |     4 |       ||    12
         Potion            |       |     1 |       ||     1
 Armour: Scale mail        |    39 |    59 |    11 ||   109
  Dodge: Dodged            |    42 |    40 |     5 ||    87
  Block: Buckler           |    16 |    25 |     1 ||    42

Table legend: (Time is in decaauts)
 A = Elapsed time spent in this place.
 B = Non-inter-level travel time spent in this place.
 C = Inter-level travel time spent in this place.
 D = Time resting spent in this place.
 E = Time spent auto-exploring this place.
 F = Levels seen in this place.
 G = Mean time per level.
                   A        B        C        D        E       F      G
               +--------+--------+--------+--------+--------+-----+--------+
         Total |   3051 |   2981 |     70 |    454 |   1674 |   5 |  610.2 |
       Dungeon |   2734 |   2664 |     70 |    425 |   1545 |   4 |  683.5 |
         Sewer |    316 |    316 |      0 |     29 |    129 |   1 |  316.0 |
               +--------+--------+--------+--------+--------+-----+--------+

Top non-repeatable levels by time:
     D:3: 770 daAuts
     D:2: 721 daAuts
     D:1: 624 daAuts
     D:4: 618 daAuts
   Sewer: 316 daAuts
